[ PARTIDA AOE2 · #475413298 ]
UnrankedMalayos vs Britons
[ ANÁLISIS DE REPETICIÓN · EXTRAÍDO DE LA PARTIDA GRABADA ]
Feudal
10:17
Castillos
17:31
Imperial
—
| APM promedio | 48.4 |
| APM pico | 88 |
| eAPM promedio | 23.6 |
| Aldeanos / militares | 55 / 21 |
Foco
⚔️ 20.7% · 🌾 79.3%
Battle Elephant ×18 · Battering Ram ×2 · Knight ×1
Feudal
—
Castillos
—
Imperial
—
| APM promedio | 13.7 |
| APM pico | 29 |
| eAPM promedio | 8.7 |
| Aldeanos / militares | 32 / 19 |
Foco
⚔️ 18.6% · 🌾 81.4%
Spearman ×11 · Archer ×5 · Longbowman ×3
Feudal
11:43
Castillos
—
Imperial
—
| APM promedio | 10.8 |
| APM pico | 28 |
| eAPM promedio | 7.5 |
| Aldeanos / militares | 67 / 12 |
Foco
⚔️ 16.4% · 🌾 83.6%
Skirmisher ×12
Feudal
11:01
Castillos
—
Imperial
—
| APM promedio | 23.1 |
| APM pico | 45 |
| eAPM promedio | 8.4 |
| Aldeanos / militares | 36 / 14 |
Foco
⚔️ 14.2% · 🌾 85.8%
Archer ×14
Mapa de la partida
Recursos iniciales + cada clic de construcción. Líneas = muros · curvas = relieve. ◆ oro · ⬟ piedra · ● bayas · ✦ reliquia · ◌ hueco del cierre
Tu base· ✓ Cerrada en 17:31 · 3t muro · 4 puerta(s)
Base de KingSmith342963· ✓ Cerrada en 18:02 · 22t muro · 3 puerta(s)
Base de sebastien-gillard· ✓ Cerrada en 12:00 · 0t muro · 3 puerta(s)
Base de Will Rossi· ✓ Cerrada en 23:47 · 0t muro · 4 puerta(s)
Terreno inicial suavizado · ◌ = hueco del cierre detectado · pasá el cursor para detalles
Inputs por minuto
— Jenrouleducable - - KingSmith342963
Build order — Jenrouleducable
146 acciones detectadas en el replay
| 0:01 | Crear | Villager (Male) |
| 0:01 | Crear | Villager (Male) |
| 0:03 | Construir | House |
| 0:05 | Construir | House |
| 0:06 | Crear | Villager (Male) |
| 0:11 | Crear | Villager (Male) |
| 1:27 | Crear | Villager (Male) |
| 2:12 | Crear | Villager (Male) |
| 2:12 | Crear | Villager (Male) |
| 2:17 | Construir | Lumber Camp |
| 2:29 | Crear | Villager (Male) |
| 3:09 | Crear | Villager (Male) |
| 3:09 | Crear | Villager (Male) |
| 3:31 | Construir | House |
| 3:47 | Crear | Villager (Male) |
| 4:06 | Construir | Mill |
| 4:12 | Crear | Villager (Male) |
| 4:12 | Crear | Villager (Male) |
| 4:53 | Crear | Villager (Male) |
| 5:28 | Crear | Villager (Male) |
| 5:28 | Crear | Villager (Male) |
| 5:28 | Crear | Villager (Male) |
| 5:37 | Construir | House |
| 5:49 | Crear | Villager (Male) |
| 6:07 | Crear | Villager (Male) |
| 6:46 | Crear | Villager (Male) |
| 6:52 | Construir | Farm |
| 7:14 | Crear | Villager (Male) |
| 8:04 | Construir | Farm |
| 8:05 | Crear | Villager (Male) |
| 8:08 | Construir | Farm |
| 8:20 | Construir | Farm |
| 8:28 | Crear | Villager (Male) |
| 8:40 | Construir | Mining Camp |
| 8:48 | Crear | Villager (Male) |
| 8:55 | Construir | House |
| 8:59 | Investigar | Feudal Age |
| 9:10 | Investigar | Loom |
| 10:05 | Crear | Villager (Male) |
| 10:06 | Crear | Villager (Male) |
| 10:12 | Construir | Barracks |
| 10:17 | Edad | Edad Feudal |
| 10:43 | Crear | Villager (Male) |
| 10:56 | Construir | Blacksmith |
| 11:03 | Crear | Villager (Male) |
| 11:42 | Investigar | Loom |
| 11:52 | Construir | Palisade Wall |
| 11:56 | Construir | House |
| 11:59 | Construir | Palisade Wall |
| 12:00 | Construir | Palisade Wall |
| 12:31 | Construir | House |
| 12:38 | Construir | Stable |
| 13:03 | Crear | Villager (Male) |
| 13:04 | Crear | Villager (Male) |
| 13:10 | Construir | Farm |
| 13:14 | Construir | Farm |
| 13:33 | Construir | Farm |
| 13:45 | Construir | House |
| 13:49 | Investigar | Town Watch |
| 14:32 | Construir | House |
| 14:36 | Crear | Villager (Male) |
| 14:37 | Crear | Villager (Male) |
| 14:39 | Construir | Farm |
| 14:41 | Construir | Farm |
| 14:51 | Construir | Stable |
| 14:55 | Crear | Villager (Male) |
| 15:08 | Investigar | Horse Collar |
| 15:39 | Investigar | Double-Bit Axe |
| 15:55 | Investigar | Castle Age |
| 15:59 | Construir | Farm |
| 16:01 | Investigar | Scale Barding Armor |
| 16:05 | Crear | Villager (Male) |
| 16:06 | Crear | Villager (Male) |
| 16:43 | Construir | Stable |
| 16:45 | Investigar | Forging |
| 17:00 | Construir | Farm |
| 17:09 | Construir | House |
| 17:20 | Construir | Farm |
| 17:20 | Construir | Farm |
| 17:31 | Edad | Edad de los Castillos |
| 17:36 | Crear | Battle Elephant |
| 17:38 | Crear | Battle Elephant |
| 17:42 | Construir | House |
| 18:09 | Construir | House |
| 18:22 | Crear | Villager (Male) |
| 18:29 | Construir | Farm |
| 18:31 | Construir | Farm |
| 18:31 | Construir | Farm |
| 18:33 | Crear | Villager (Male) |
| 18:36 | Construir | Farm |
| 18:41 | Crear | Villager (Male) |
| 18:48 | Crear | Battle Elephant |
| 18:48 | Crear | Battle Elephant |
| 19:13 | Crear | Battle Elephant |
| 19:20 | Construir | Market |
| 19:22 | Construir | Farm |
| 19:24 | Construir | House |
| 19:46 | Construir | Farm |
| 19:47 | Crear | Battle Elephant |
| 19:47 | Crear | Battle Elephant |
| 20:00 | Construir | House |
| 20:02 | Construir | House |
| 20:03 | Crear | Villager (Male) |
| 20:04 | Crear | Villager (Male) |
| 20:20 | Construir | Siege Workshop |
| 20:28 | Crear | Battle Elephant |
| 20:28 | Crear | Battle Elephant |
| 20:32 | Construir | Farm |
| 20:38 | Crear | Battle Elephant |
| 20:39 | Crear | Battle Elephant |
| 20:40 | Investigar | Husbandry |
| 20:56 | Crear | Battle Elephant |
| 20:56 | Crear | Battle Elephant |
| 20:56 | Crear | Battle Elephant |
| 20:59 | Crear | Villager (Male) |
| 21:08 | Construir | House |
| 21:17 | Crear | Battering Ram |
| 21:28 | Crear | Villager (Male) |
| 21:32 | Construir | House |
| 22:00 | Crear | Battle Elephant |
| 22:00 | Crear | Battle Elephant |
| 22:01 | Crear | Villager (Male) |
| 22:01 | Crear | Villager (Male) |
| 22:02 | Crear | Villager (Male) |
| 22:04 | Construir | House |
| 22:08 | Crear | Villager (Male) |
| 22:26 | Crear | Villager (Male) |
| 22:43 | Crear | Battering Ram |
| 22:45 | Crear | Villager (Male) |
| 22:45 | Crear | Villager (Male) |
| 23:15 | Crear | Battle Elephant |
| 23:15 | Crear | Battle Elephant |
| 23:19 | Construir | House |
| 23:31 | Crear | Villager (Male) |
| 23:31 | Crear | Villager (Male) |
| 23:36 | Crear | Knight |
| 23:42 | Construir | Farm |
| 23:44 | Construir | Farm |
| 23:44 | Construir | Farm |
| 23:48 | Construir | Farm |
| 23:52 | Construir | Farm |
| 23:53 | Construir | Farm |
| 24:37 | Crear | Villager (Male) |
| 24:37 | Crear | Villager (Male) |
| 24:37 | Crear | Villager (Male) |
| 24:49 | Crear | Villager (Male) |
Build order — KingSmith342963
88 acciones detectadas en el replay
| 0:01 | Crear | Villager (Male) |
| 0:02 | Crear | Villager (Male) |
| 0:02 | Crear | Villager (Male) |
| 0:02 | Crear | Villager (Male) |
| 0:05 | Construir | House |
| 0:08 | Construir | House |
| 1:32 | Crear | Villager (Male) |
| 1:46 | Construir | Lumber Camp |
| 1:58 | Crear | Villager (Male) |
| 2:18 | Crear | Villager (Male) |
| 2:47 | Crear | Villager (Male) |
| 3:03 | Construir | House |
| 3:21 | Crear | Villager (Male) |
| 3:34 | Crear | Villager (Male) |
| 3:34 | Crear | Villager (Male) |
| 3:45 | Crear | Villager (Male) |
| 4:07 | Construir | Mill |
| 4:08 | Crear | Villager (Male) |
| 4:48 | Construir | House |
| 4:51 | Crear | Villager (Male) |
| 4:52 | Crear | Villager (Male) |
| 5:47 | Crear | Villager (Male) |
| 6:09 | Crear | Villager (Male) |
| 6:09 | Crear | Villager (Male) |
| 6:34 | Construir | Lumber Camp |
| 6:47 | Crear | Villager (Male) |
| 7:29 | Investigar | Loom |
| 7:52 | Investigar | Feudal Age |
| 8:11 | Construir | Mining Camp |
| 8:19 | Construir | Mining Camp |
| 9:55 | Construir | Barracks |
| 10:10 | Investigar | Double-Bit Axe |
| 10:19 | Investigar | Gold Mining |
| 10:25 | Crear | Villager (Male) |
| 10:53 | Crear | Villager (Male) |
| 11:21 | Construir | Market |
| 11:25 | Construir | Blacksmith |
| 12:06 | Construir | Farm |
| 12:25 | Investigar | Horse Collar |
| 12:31 | Construir | Farm |
| 12:33 | Construir | Farm |
| 12:34 | Construir | Farm |
| 12:35 | Crear | Villager (Male) |
| 12:36 | Crear | Villager (Male) |
| 12:36 | Crear | Villager (Male) |
| 13:03 | Construir | Farm |
| 13:07 | Construir | House |
| 13:17 | Construir | Farm |
| 13:19 | Construir | Farm |
| 13:20 | Construir | Farm |
| 13:23 | Construir | Farm |
| 13:28 | Investigar | Wheelbarrow |
| 13:50 | Construir | Farm |
| 14:08 | Crear | Spearman |
| 14:08 | Crear | Spearman |
| 14:09 | Crear | Spearman |
| 14:24 | Construir | Stone Wall |
| 14:46 | Crear | Villager (Male) |
| 14:46 | Crear | Villager (Male) |
| 14:47 | Crear | Villager (Male) |
| 15:03 | Crear | Villager (Male) |
| 15:03 | Crear | Villager (Male) |
| 15:16 | Construir | Farm |
| 15:21 | Construir | House |
| 15:46 | Construir | Mill |
| 15:47 | Crear | Villager (Male) |
| 15:47 | Crear | Villager (Male) |
| 16:18 | Construir | Farm |
| 16:20 | Construir | Farm |
| 16:32 | Construir | Farm |
| 16:54 | Construir | Farm |
| 16:56 | Crear | Villager (Male) |
| 17:09 | Construir | House |
| 18:02 | Investigar | Castle Age |
| 18:13 | Crear | Spearman ×3 |
| 18:31 | Construir | Stone Wall |
| 18:40 | Construir | Stable |
| 18:59 | Construir | Archery Range |
| 19:22 | Crear | Spearman ×5 |
| 19:43 | Investigar | Padded Archer Armor |
| 19:44 | Investigar | Fletching |
| 20:05 | Construir | House |
| 20:22 | Crear | Archer ×5 |
| 20:40 | Construir | House |
| 21:54 | Construir | Castle |
| 23:17 | Construir | Stone Wall |
| 23:26 | Crear | Longbowman ×3 |
| 25:02 | Construir | Stone Wall |
Build order — sebastien-gillard
70 acciones detectadas en el replay
| 0:02 | Crear | Villager (Male) |
| 0:02 | Crear | Villager (Male) |
| 0:03 | Crear | Villager (Male) |
| 0:03 | Crear | Villager (Male) |
| 0:05 | Construir | House |
| 0:10 | Construir | House |
| 1:55 | Crear | Villager (Male) |
| 1:55 | Crear | Villager (Male) |
| 2:28 | Crear | Villager (Male) |
| 2:28 | Crear | Villager (Male) |
| 2:28 | Crear | Villager (Male) |
| 3:19 | Crear | Villager (Male) |
| 3:19 | Crear | Villager (Male) |
| 4:05 | Crear | Villager (Male) |
| 4:05 | Crear | Villager (Male) |
| 4:24 | Construir | House |
| 5:50 | Construir | Lumber Camp |
| 6:38 | Crear | Villager (Male) |
| 6:39 | Crear | Villager (Male) |
| 6:39 | Crear | Villager (Male) |
| 6:39 | Crear | Villager (Male) |
| 7:48 | Construir | Mill |
| 8:03 | Crear | Villager (Male) |
| 8:06 | Crear | Villager (Male) |
| 8:06 | Crear | Villager (Male) |
| 9:12 | Investigar | Feudal Age |
| 9:34 | Crear | Villager (Male) ×2 |
| 9:35 | Crear | Villager (Male) ×2 |
| 10:10 | Construir | House |
| 10:13 | Construir | House |
| 10:43 | Construir | Farm |
| 10:45 | Construir | Farm |
| 10:47 | Construir | Farm |
| 10:48 | Construir | Farm |
| 10:50 | Construir | Farm |
| 11:17 | Construir | Farm |
| 11:20 | Construir | Farm |
| 11:43 | Crear | Villager (Male) ×5 |
| 11:43 | Edad | Edad Feudal |
| 11:44 | Crear | Villager (Male) ×5 |
| 11:44 | Crear | Villager (Male) ×3 |
| 11:50 | Investigar | Horse Collar |
| 12:15 | Construir | Farm |
| 12:49 | Investigar | Loom |
| 13:16 | Construir | Farm |
| 13:29 | Crear | Villager (Male) ×5 |
| 13:29 | Crear | Villager (Male) ×5 |
| 13:29 | Crear | Villager (Male) ×5 |
| 13:29 | Crear | Villager (Male) ×5 |
| 13:37 | Investigar | Double-Bit Axe |
| 14:06 | Construir | Farm |
| 14:13 | Construir | Farm |
| 14:33 | Construir | Farm |
| 14:39 | Crear | Villager (Male) ×5 |
| 14:39 | Crear | Villager (Male) ×5 |
| 15:19 | Construir | Blacksmith |
| 15:45 | Construir | House |
| 15:49 | Construir | House |
| 15:50 | Construir | House |
| 16:19 | Construir | Watch Tower |
| 18:18 | Construir | Mining Camp |
| 19:38 | Construir | Barracks |
| 20:11 | Construir | Archery Range |
| 20:53 | Crear | Skirmisher ×3 |
| 20:54 | Crear | Skirmisher ×3 |
| 22:46 | Construir | Lumber Camp |
| 23:21 | Construir | Lumber Camp |
| 24:14 | Crear | Skirmisher ×3 |
| 24:14 | Crear | Skirmisher ×3 |
| 24:23 | Construir | House |
Build order — Will Rossi
94 acciones detectadas en el replay
| 0:05 | Construir | House |
| 0:07 | Construir | House |
| 0:08 | Crear | Villager (Male) |
| 0:09 | Crear | Villager (Male) |
| 0:09 | Crear | Villager (Male) |
| 0:09 | Crear | Villager (Male) |
| 1:41 | Crear | Villager (Male) |
| 1:59 | Construir | Lumber Camp |
| 2:08 | Crear | Villager (Male) |
| 2:40 | Crear | Villager (Male) |
| 2:45 | Construir | House |
| 2:47 | Construir | House |
| 3:17 | Crear | Villager (Male) |
| 3:27 | Crear | Villager (Male) |
| 3:54 | Crear | Villager (Male) |
| 4:41 | Crear | Villager (Male) |
| 5:04 | Crear | Villager (Male) |
| 5:31 | Crear | Villager (Male) |
| 5:39 | Construir | Mining Camp |
| 5:53 | Crear | Villager (Male) |
| 6:14 | Crear | Villager (Male) |
| 6:47 | Crear | Villager (Male) |
| 7:12 | Crear | Villager (Male) |
| 7:47 | Crear | Villager (Male) |
| 8:20 | Crear | Villager (Male) |
| 8:24 | Construir | Barracks |
| 8:26 | Construir | House |
| 8:28 | Construir | House |
| 8:51 | Investigar | Feudal Age |
| 9:50 | Construir | House |
| 10:24 | Construir | Mill |
| 10:43 | Construir | House |
| 11:01 | Edad | Edad Feudal |
| 11:08 | Construir | Archery Range |
| 11:11 | Construir | Archery Range |
| 11:16 | Construir | House |
| 11:20 | Crear | Villager (Male) |
| 11:25 | Crear | Villager (Male) |
| 11:43 | Investigar | Loom |
| 12:05 | Crear | Archer |
| 12:16 | Construir | Blacksmith |
| 12:34 | Crear | Archer |
| 12:54 | Crear | Villager (Male) |
| 12:58 | Crear | Villager (Male) |
| 13:00 | Crear | Villager (Male) |
| 13:06 | Crear | Archer |
| 13:08 | Crear | Archer |
| 13:17 | Construir | House |
| 13:22 | Construir | Mining Camp |
| 13:48 | Crear | Archer |
| 13:48 | Crear | Archer |
| 13:59 | Crear | Villager (Male) |
| 14:14 | Construir | Archery Range |
| 14:20 | Investigar | Fletching |
| 14:23 | Crear | Archer |
| 14:24 | Crear | Archer |
| 14:40 | Crear | Villager (Male) |
| 14:47 | Crear | Archer |
| 14:57 | Crear | Archer |
| 14:58 | Crear | Archer |
| 14:59 | Crear | Archer |
| 15:00 | Crear | Archer |
| 15:01 | Crear | Archer |
| 15:08 | Crear | Villager (Male) |
| 15:09 | Crear | Villager (Male) |
| 15:12 | Crear | Villager (Male) |
| 15:13 | Crear | Villager (Male) |
| 16:09 | Investigar | Padded Archer Armor |
| 16:50 | Crear | Villager (Male) |
| 16:51 | Crear | Villager (Male) |
| 19:16 | Construir | Farm |
| 19:16 | Construir | Farm |
| 19:17 | Construir | Farm |
| 19:19 | Construir | Farm |
| 19:20 | Construir | Farm |
| 19:21 | Construir | Farm |
| 19:22 | Construir | Farm |
| 19:24 | Construir | Farm |
| 19:27 | Construir | Farm |
| 19:28 | Construir | Farm |
| 19:30 | Crear | Villager (Male) |
| 19:31 | Crear | Villager (Male) |
| 20:20 | Construir | Farm |
| 20:21 | Crear | Villager (Male) |
| 20:39 | Crear | Villager (Male) |
| 21:17 | Construir | House |
| 21:19 | Construir | House |
| 21:20 | Construir | House |
| 21:21 | Construir | House |
| 21:23 | Construir | House |
| 21:24 | Construir | House |
| 21:25 | Construir | House |
| 23:46 | Construir | Farm |
| 23:47 | Investigar | Castle Age |
Cronología de la partida
| 8:24 | Will Rossi · first_building Barracks |
| 9:55 | KingSmith342963 · first_building Barracks |
| 10:12 | Jenrouleducable · first_building Barracks |
| 10:17 | Jenrouleducable · age_up feudal |
| 11:01 | Will Rossi · age_up feudal |
| 11:08 | Will Rossi · first_building Archery Range |
| 11:43 | sebastien-gillard · age_up feudal |
| 11:52 | Jenrouleducable · wall_segment Palisade Wall x1 |
| 11:59 | Jenrouleducable · wall_segment Palisade Wall x1 |
| 12:00 | Jenrouleducable · wall_segment Palisade Wall x1 |
| 12:38 | Jenrouleducable · first_building Stable |
| 14:24 | KingSmith342963 · wall_segment Stone Wall x22 |
| 17:31 | Jenrouleducable · age_up castle |
| 17:32 | KingSmith342963 · first_market_buy 100 food |
| 17:46 | KingSmith342963 · first_market_sell 100 wood |
| 18:31 | KingSmith342963 · wall_segment Stone Wall x9 |
| 18:40 | KingSmith342963 · first_building Stable |
| 18:59 | KingSmith342963 · first_building Archery Range |
| 19:38 | sebastien-gillard · first_building Barracks |
| 20:11 | sebastien-gillard · first_building Archery Range |
| 20:20 | Jenrouleducable · first_building Siege Workshop |
| 20:34 | Jenrouleducable · first_market_buy 100 food |
| 21:54 | KingSmith342963 · first_building Castle |
| 22:25 | Jenrouleducable · tribute_sent a jugador 1 |
| 22:25 | Jenrouleducable · tribute_sent a jugador 2 |
| 22:25 | Jenrouleducable · tribute_sent a jugador 3 |
| 23:17 | KingSmith342963 · wall_segment Stone Wall x4 |
| 25:02 | KingSmith342963 · wall_segment Stone Wall x9 |
| 25:17 | Jenrouleducable · resign |
[ ANÁLISIS IA · 1 CRÉDITO ]
¿Qué pasó realmente en esta partida?
Wolo.gg analiza cada decisión: build order, eco, micro, errores típicos por bracket. Análisis personalizado por WhatsApp o Discord en 30 segundos.
Guía civ
Malayos
Perfil
Jugador #25007569